 Dungeon Crawl Stone Soup version 0.31-a0-590-g8a5a4361df (webtiles) character file.

Game seed: 15045406170793965602

156 Rohain the Ruffian (level 4, 0/36 HPs)
             Began as a Demigod Shapeshifter on Aug 19, 2023.
             Slain by Natasha (3 damage)
             ... on level 2 of the Dungeon.
             The game lasted 00:02:07 (1668 turns).

Rohain the Ruffian (Demigod Shapeshifter)           Turns: 1668, Time: 00:02:08

Health: 0/36       AC:  3    Str: 20    XL:     4   Next: 92%
Magic:  6/6        EV: 12    Int: 10    God:
Gold:   92         SH:  0    Dex: 14    Spells: 3/3 levels left

rFire   . .          .
                       - Unarmed
rCold   . . .        (no shield)
rNeg    . . .        j - +0 leather armour
rPois   .            (helmet currently unavailable)
rElec   .            (cloak currently unavailable)
rCorr   .            (gloves currently unavailable)
SInv    +            (boots currently unavailable)
Will    .....        (no amulet)
Stlth   +            e - ring of see invisible
HPRegen 0.26/turn    (no ring)
MPRegen 0.10/turn

%: no passive effects
@: beast-form
A: beast (slay +2), high MP 1, forlorn, divine attributes
a: Begin Untransformation


You were on level 2 of the Dungeon.
You were a hulking beast.
You visited 1 branch of the dungeon, and saw 2 of its levels.

You collected 92 gold pieces.

Inventory:

Armour
 a - a +0 animal skin
 j - a +0 leather armour (worn)
Jewellery
 e - a ring of see invisible (left hand)
Talismans
 c - a beast talisman (active)
 d - a flux talisman
Scrolls
 g - a scroll of fear {unknown}
 i - 3 scrolls of enchant weapon {unknown}
 l - a scroll of identify {unknown}
Potions
 b - a potion of lignification
 f - a potion of heal wounds
 h - a potion of degeneration {unknown}
 k - 2 potions of ambrosia {unknown}


   Skills:
 + Level 2.0 Fighting
 + Level 2.7 Dodging
 * Level 3.9 Unarmed Combat
 + Level 3.1 Shapeshifting


You had 3 spell levels left.
You didn't know any spells.
Your spell library was empty.

Dungeon Overview and Level Annotations

Branches:
Dungeon (2/15)

Annotations:
D:2 Natasha


Innate Abilities, Weirdness & Mutations

You are a hulking beast.
Your limbs bulge with bestial killing power. (Slay +2)
You have an increased reservoir of magic. (+10% MP)
You shall have no god before yourself.
Your divine heritage dramatically boosts your attributes as you level up.


Message History

Natasha claws you.
You closely miss Natasha.
Natasha is moderately wounded.
Natasha stares at you and mumbles some strange words.
The magic dart hits you!
You hit Natasha.
Natasha is severely wounded.
Natasha claws you.
You are too injured to fight recklessly!
You are too injured to fight recklessly!
You are too injured to fight recklessly!
You punch Natasha!
You kill Natasha!
Natasha yowls pathetically as she dies!
Your Fighting skill increases to level 2!
You start resting.
Natasha, Servant of Life and Death comes into view.
Natasha is nearby!
Natasha is nearby!
Natasha casts a spell at you. The magic dart hits you! Natasha claws you.
You closely miss Natasha. Your punch misses Natasha.
Natasha wildly gestures.
You feel disoriented. Natasha barely misses you.
You closely miss Natasha. Natasha claws you.
* * * LOW HITPOINT WARNING * * *
You closely miss Natasha. Natasha closely misses you.
You barely miss Natasha. Natasha closely misses you.
You punch Natasha!
Natasha is heavily wounded.
Natasha stares at you and mumbles some strange words.
The magic dart hits you!
* * * LOW HITPOINT WARNING * * *
You barely miss Natasha.
Natasha is heavily wounded.
Natasha claws you.
You die...
Natasha curls up and begins to purr.

.#.###.###.###.# #...<.. ..##
##.###.##.############......
.#.###.###...........>...........
.##.#.###....#...................
.......#.........................
###...............##.............
#...##..#.......##.............
#...##..#..###h.##.......######
#...##..#..# #h.##.......#
#...##..#<.###...........#
#.............#.#####.####
#.......#...#.#.# #.#
###.##.##.#.#.#.# #.#
#.............. #.#
#.###....#####. #.# #.# #....# .#
#.# #.# #....# .# .#


You could see Natasha.

Vanquished Creatures
  Natasha (twice) (D:2)
  An adder (D:2)
  4 gnolls (D:2)
  2 worms
  2 dart slugs
  A ball python (D:1)
  A bat (D:1)
  7 endoplasms
  2 giant cockroaches
  3 goblins
  A hobgoblin (D:1)
  4 jackals (D:2)
  5 quokkas (D:2)
  A frilled lizard (D:2)
  8 kobolds
  5 rats
49 creatures vanquished.

Notes
Turn   | Place    | Note
-------+----------+-------------------------------------------
     0 | D:1      | Rohain the Demigod Shapeshifter began the quest for the
                  | Orb.
     0 | D:1      | Reached XP level 1. HP: 15/15 MP: 3/3
    74 | D:1      | Reached skill level 1 in Fighting
   204 | D:1      | Reached XP level 2. HP: 23/23 MP: 4/4
  1020 | D:2      | Reached XP level 3. HP: 28/28 MP: 5/5
  1358 | D:2      | HP: 1/29 [gnoll/+0 flail (3)]
  1371 | D:2      | Reached XP level 4. HP: 26/36 MP: 6/6
  1520 | D:2      | Noticed Natasha
  1525 | D:2      | Killed Natasha
  1607 | D:2      | Noticed Natasha
  1614 | D:2      | Killed Natasha
  1660 | D:2      | Noticed Natasha
  1668 | D:2      | Slain by Natasha

Illustrated notes

Levels and vault maps discovered:
D:1:      amcnicky_arrival_blooded_trapdoor, layout_loops_ring,
          dreamdust_ecumenical_altar_statues, nicolae_wormholes
D:2:      minmay_alternating_diamond, layout_loops_ring, uniq_natasha

Skill      XL: |  1  2  3  4 |
---------------+-------------+-----
Fighting       | 1 2 |  2.0
Dodging        | 2 |  2.7
Unarmed Combat | 3 |  3.9
Shapeshifting  | 3 |  3.1

Action                     |  1- 3 |  4- 6 || total
---------------------------+-------+-------++-------
  Melee: Unarmed           |   130 |    24 ||   154
         Punch             |     5 |       ||     5
    Use: Potion            |     2 |       ||     2
   Stab: Sleeping          |     2 |       ||     2
 Armour: Animal skin       |    10 |       ||    10
         Leather armour    |    11 |       ||    11
         Skin              |     3 |     2 ||     5
  Dodge: Dodged            |    57 |     4 ||    61

Table legend: (Time is in decaauts)
 A = Elapsed time spent in this place.
 B = Non-inter-level travel time spent in this place.
 C = Inter-level travel time spent in this place.
 D = Time resting spent in this place.
 E = Time spent auto-exploring this place.
 F = Levels seen in this place.
 G = Mean time per level.
                   A        B        C        D        E       F      G
               +--------+--------+--------+--------+--------+-----+--------+
         Total |   1658 |   1622 |     36 |    175 |   1096 |   2 |  829.0 |
       Dungeon |   1658 |   1622 |     36 |    175 |   1096 |   2 |  829.0 |
               +--------+--------+--------+--------+--------+-----+--------+

Top non-repeatable levels by time:
     D:1: 960 daAuts
     D:2: 697 daAuts
